 Dungeon Crawl Stone Soup version 0.28.0-43-g3370ac3207 (webtiles) character file.

Game seed: 13524101075210654647

30 jimonade the Poker (level 3, -7/31 HPs)
             Began as a Gnoll Wanderer on Mar 19, 2022.
             Killed by divine providence
             ... invoked by an orc priest
              (15 damage)
             ... on level 2 of the Dungeon.
             The game lasted 00:03:53 (1434 turns).

jimonade the Poker (Gnoll Wanderer)                 Turns: 1434, Time: 00:03:53

Health: -7/31      AC: 13    Str: 16    XL:     3   Next: 18%
Magic:  4/4        EV:  6    Int: 10    God:
Gold:   30         SH:  0    Dex:  9    Spells: 3/3 levels left

rFire   . . .      SeeInvis .   i - +0 trident
rCold   . . .      Faith    .   (no shield)
rNeg    . . .      Spirit   .   j - +2 chain mail {Will+}
rPois   .          Reflect  .   (no helmet)
rElec   .          Harm     .   (no cloak)
rCorr   .          Rampage  .   d - +0 pair of gloves
Will    +....                   q - +0 pair of boots
Stlth   ..........              (no amulet)
HPRegen 0.10/turn               (no ring)
MPRegen 0.09/turn               (no ring)

@: no status effects
A: fangs 1, strong nose, distributed training
a: no special abilities


You were on level 2 of the Dungeon.
You visited 1 branch of the dungeon, and saw 2 of its levels.

You collected 30 gold pieces.

Inventory:

Hand Weapons
 a - a +2 spear
 b - a +0 shortbow
 i - a +0 trident (weapon)
Missiles
 c - 47 arrows
 h - 8 stones (quivered)
Armour
 d - a +0 pair of gloves (worn)
 e - a +0 leather armour
 j - a +2 chain mail of willpower (worn)
 q - a +0 pair of boots (worn)
Jewellery
 m - an amulet of magic regeneration
Scrolls
 f - a scroll of blinking {unknown}
 g - a scroll of immolation {unknown}
 l - a scroll of holy word {unknown}
 o - a scroll of fog {unknown}
Potions
 k - a potion of mutation {unknown}
 n - a potion of brilliance {unknown}
 p - a potion of berserk rage {unknown}


   Skills:
 + Level 4.5 Fighting
 + Level 0.6 Short Blades
 + Level 0.6 Long Blades
 + Level 0.6 Axes
 + Level 0.6 Maces & Flails
 + Level 6.5 Polearms
 + Level 0.6 Staves
 + Level 0.6 Slings
 + Level 2.5 Bows
 + Level 0.6 Crossbows
 + Level 0.6 Throwing
 + Level 2.5 Armour
 + Level 0.6 Dodging
 + Level 2.3 Stealth
 + Level 0.6 Shields
 + Level 0.6 Unarmed Combat
 + Level 0.6 Spellcasting
 + Level 0.4 Conjurations
 + Level 0.4 Hexes
 + Level 0.4 Summonings
 + Level 0.4 Necromancy
 + Level 0.4 Translocations
 + Level 0.4 Transmutations
 + Level 0.4 Fire Magic
 + Level 0.4 Ice Magic
 + Level 0.4 Air Magic
 + Level 0.4 Earth Magic
 + Level 0.4 Poison Magic
 + Level 2.6 Invocations
 + Level 2.5 Evocations


You had 3 spell levels left.
You didn't know any spells.
Your spell library was empty.

Dungeon Overview and Level Annotations

Branches:
Dungeon (2/15)

Altars:

Shops:
D:1 *!=


Innate Abilities, Weirdness & Mutations

You have very sharp teeth.
Your uncanny sense of smell can sniff out nearby items.
Your experience applies equally to all skills.


Message History

The quokka is lightly wounded.
The quokka bites you but does no damage.
You hit the quokka but do no damage.
The quokka is lightly wounded.
The quokka bites you.
You hit the quokka.
You kill the quokka!
No target in view!
No target in view!
You start putting on your armour.
You continue putting on your +0 pair of boots. x4
You finish putting on your +0 pair of boots.
You see here a quokka corpse.
An orc comes into view. It is wielding a +0 club.
The orc shouts!
An orc priest comes into view. It is wielding a +0 whip.
An orc comes into view. It is wielding a +0 falchion.
Found a stone staircase leading up.
The orc shouts!
An orc priest comes into view. It is wielding a +0 club.
The orc closely misses you.
You hit the orc.
The orc is heavily wounded.
The orc hits you with a +0 club.
You hit the orc.
You kill the orc!
The orc priest mumbles some strange prayers to Beogh against you.
Beogh smites you!
Ouch! That really hurt!
The orc priest looks satisfied for a moment.
The orc priest hits you with a +0 whip.
* * * LOW HITPOINT WARNING * * *
Things that are here:
a +0 club; an orc corpse You puncture the orc priest!
The orc priest is severely wounded.
The orc priest hits you but does no damage.
The orc priest invokes the aid of Beogh against you.
Beogh smites you!
You die...

....# #.# ###.# #.#
###.# #.# ....# #.#
##..# #.# #### ....#
#.# ..#
....######†####.#
..>.............####.#
...........#....@ooo.#
......#######.########
.......# .<...
.....#.#
##############
.....#.#
#............#
####...#
#.##########.# ##..#
#.# #.# #.# #.# #.#
#.#


You could see 2 orc priests and an orc.

Vanquished Creatures
  An orc (D:2)
  2 ball pythons (D:1)
  3 endoplasms (D:1)
  2 giant cockroaches (D:1)
  2 goblins (D:1)
  A hobgoblin (D:1)
  3 kobolds (D:1)
  A quokka (D:2)
  3 bats
  4 frilled lizards
  5 rats
27 creatures vanquished.

Notes
Turn   | Place    | Note
-------+----------+-------------------------------------------
     0 | D:1      | jimonade the Gnoll Wanderer began the quest for the Orb.
     0 | D:1      | jimonade set off with the following items: a +2 spear, a +0
                  | shortbow, 27 arrows, a +0 pair of gloves, a +0 leather
                  | armour
     0 | D:1      | Reached XP level 1. HP: 20/20 MP: 2/2
   202 | D:1      | Reached XP level 2. HP: 23/26 MP: 3/3
   311 | D:1      | Found Comyinn's General Store.
   465 | D:1      | Found Pacs's Distillery.
   948 | D:1      | Found Tiebuiw's Jewellery Emporium.
  1116 | D:2      | Reached XP level 3. HP: 31/31 MP: 4/4
  1434 | D:2      | Killed from afar by an orc priest

Illustrated notes

Levels and vault maps discovered:
D:1:      elethiomel_arrival_maze, layout_loops_corners, serial_shops,
          nicolae_shop_stone, shop, nicolae_square_shop
D:2:      layout_basic

Action                   || total
-------------------------++-------
Melee: Spear             ||    20
       Bite              ||     6
       Trident           ||    54
       Punch             ||     1
Armor: Chain mail        ||    14
Dodge: Dodged            ||    26
